 Dungeon Sprint DCSS version 0.27-a0-1006-g1fd4cec11e (webtiles) character file.

Game seed: 15628676526758414708

598 mhtbhm the Unseen (level 7, 0/44 HPs)
             Began as a Kobold Brigand on Apr 17, 2021.
             Was a Believer of Dithmenos.
             Splashed by an oklob plant's acid (9 damage)
             ... in the Dungeon (Sprint IV: "Fedhas' Mad Dash").
             The game lasted 00:01:03 (387 turns).

mhtbhm the Unseen (Kobold Brigand)                   Turns: 387, Time: 00:01:04

Health: 0/44       AC: -9    Str:  8    XL:     7   Next: 68%
Magic:  6/7        EV: 15    Int: 12    God:    Dithmenos [**....]
Gold:   69         SH:  0    Dex: 19    Spells: 6/6 levels left

rFire    . . .     SeeInvis .   a - +2 dagger
rCold    . . .     Faith    .   (shield restricted)
rNeg     . . .     Spirit   .   b - +0 robe
rPois    .         Reflect  .   (no helmet)
rElec    .         Harm     .   c - +0 cloak
rCorr    .         Rampage  .   (no gloves)
Will     .....     NoTele   +   (no boots)
Stlth    ++++++++++             l - amulet of invisibility {+Inv}
HPRegen  0.14/turn              (no ring)
MPRegen  0.10/turn              (no ring)

@: corroded, very slightly contaminated, wreathed by umbra
A: small, no large weapons, nightstalker 3
a: Renounce Religion, Evoke Invisibility, Shadow Step


You were in the Dungeon.
You worshipped Dithmenos.
Dithmenos was pleased with you.
You visited 1 branch You collected 69 gold pieces.

Inventory:

Hand Weapons
 a - a +2 dagger (weapon)
Missiles
 d - 15 poisoned darts
 e - 2 curare-tipped darts (quivered)
Armour
 b - a +0 robe (worn)
 c - a +0 cloak (worn)
Jewellery
 l - the amulet of invisibility (around neck) {+Inv}
   (You found it in the Dungeon)

   [amulet of nothing]

   It lets you turn invisible.
Scrolls
 k - a scroll of blinking
 m - a scroll of identify {unknown}
 n - a scroll of magic mapping {unknown}
Potions
 f - a potion of curing
 h - a potion of haste
 i - 2 potions of magic
 j - a potion of berserk rage


   Skills:
 + Level 5.0 Fighting
 + Level 6.2 Short Blades
 + Level 5.6 Throwing
 + Level 2.9 Dodging
 + Level 16.9 Stealth
 + Level 5.7 Evocations


You had 6 spell levels left.
You didn't know any spells.
Your spell library was empty.

Dungeon Overview and Level Annotations

Branches:
Dungeon (1/1)

Altars:
Cheibriados
Dithmenos
Elyvilon
Gozag
Hepliaklqana
Kikubaaqudgha
Makhleb
Nemelex Xobeh
Okawaru
Qazlal
Ru
Sif Muna
Trog
Uskayaw
Vehumet
Wu Jian
Xom
Yredelemnul
Zin
The Shining One
Beogh
Jiyva
Lugonu

Annotations:
D exclusion: oklob plant


Innate Abilities, Weirdness & Mutations

You are small and have problems with some larger weapons.
You are completely attuned to the shadows.


Message History

No target in view!
No target in view!
No target in view!
No target in view!
No target in view!
You open the door.
An oklob plant comes into view.
Marking area around an oklob plant as unsafe for travelling.
Found a murky pink potion and a ring mail.
There is an open door here.
You flicker for a moment.
You hit the oklob plant.
The oklob plant is lightly damaged.
You hit the oklob plant but do no damage.
The oklob plant is lightly damaged.
The oklob plant spits acid at you. The splash of acid misses you.
You hit the oklob plant but do no damage.
The oklob plant is lightly damaged.
You hit the oklob plant but do no damage.
The oklob plant is lightly damaged.
Unknown command.
You hit the oklob plant.
The oklob plant is lightly damaged.
You catch the helpless oklob plant completely off-guard!
You impale the oklob plant!!
The oklob plant is severely damaged.
The oklob plant spits acid at you. The splash of acid hits you!
The acid corrodes you!
You are splashed with acid!
Unknown command.
You feel much better. The oklob plant spits acid at you.
The splash of acid hits you! The acid corrodes you!
You are splashed with acid!
Unknown command.
You flicker back into view.
The oklob plant spits acid at you. The splash of acid hits you!
* * * LOW HITPOINT WARNING * * *
The acid corrodes you!
You are splashed with acid!
You die...

#<...#.....#.....#
#PP..'.....'.#...'
#PPPP#.....#.#...#
###############'##
#...♣........'...#
#......♣.....#...#
#.....♣..♣..######
##'####+##### #@.#
#P[# ####


You could see an oklob plant.

Vanquished Creatures
  A queen bee (D)
  A scorpion (D)
  4 killer bees (D)
  4 oklob saplings (D)
  A river rat (D)
  A rat (D)
12 creatures vanquished.

Vanquished Creatures (others)
  A fungus (D)
1 creature vanquished.

Grand Total: 13 creatures vanquished

Notes
Turn   | Place    | Note
-------+----------+-------------------------------------------
     0 | D        | mhtbhm the Kobold Brigand began the quest for the Orb.
     0 | D        | Reached XP level 1. HP: 12/12 MP: 1/1
    12 | D        | Reached skill level 7 in Stealth
    12 | D        | Reached XP level 2. HP: 18/18 MP: 2/2
    29 | D        | Noticed an oklob sapling
    30 | D        | Killed an oklob sapling
    31 | D        | Reached skill level 9 in Stealth
    31 | D        | Reached XP level 3. HP: 22/22 MP: 3/3
    33 | D        | Noticed a scorpion
    34 | D        | Found the amulet of invisibility {+Inv}
    35 | D        | Killed a scorpion
    36 | D        | Reached skill level 11 in Stealth
    36 | D        | Reached XP level 4. HP: 28/28 MP: 4/4
    59 | D        | Found an opulent altar of Gozag.
    59 | D        | Found a sacrificial altar of Ru.
    60 | D        | Found a burning altar of Makhleb.
    60 | D        | Found an ornate altar of the Wu Jian Council.
    60 | D        | Found a shimmering altar of Xom.
    61 | D        | Found a hazy altar of Hepliaklqana.
    61 | D        | Found a shimmering blue altar of Sif Muna.
    62 | D        | Found a sparkling altar of Nemelex Xobeh.
    62 | D        | Found a snail-covered altar of Cheibriados.
    62 | D        | Found a basalt altar of Yredelemnul.
    63 | D        | Found a viscous altar of Jiyva.
    63 | D        | Found a bloodstained altar of Trog.
    63 | D        | Noticed an oklob sapling priest
    64 | D        | Found an iron altar of Okawaru.
    64 | D        | Found a shadowy altar of Dithmenos.
    64 | D        | Found a glowing silver altar of Zin.
    65 | D        | Found an ancient bone altar of Kikubaaqudgha.
    65 | D        | Found a hide-covered altar of Uskayaw.
    66 | D        | Found a stormy altar of Qazlal.
    66 | D        | Found a white marble altar of Elyvilon.
    66 | D        | Found a glowing golden altar of the Shining One.
    67 | D        | Found a corrupted altar of Lugonu.
    67 | D        | Found a radiant altar of Vehumet.
    71 | D        | Killed an oklob sapling priest
    72 | D        | Reached skill level 12 in Stealth
    72 | D        | Reached XP level 5. HP: 33/33 MP: 3/5
    74 | D        | Became a worshipper of Dithmenos the Shadowed
   256 | D        | Reached skill level 13 in Stealth
   256 | D        | Reached skill level 1 in Evocations
   296 | D        | Reached skill level 5 in Short Blades
   296 | D        | Reached XP level 6. HP: 38/38 MP: 3/6
   366 | D        | Noticed a queen bee
   370 | D        | Killed a queen bee
   370 | D        | Reached * piety under Dithmenos
   371 | D        | Reached skill level 5 in Throwing
   371 | D        | Reached skill level 15 in Stealth
   371 | D        | Reached XP level 7. HP: 44/44 MP: 5/7
   372 | D        | Reached skill level 16 in Stealth
   372 | D        | Reached skill level 5 in Evocations
   374 | D        | Reached ** piety under Dithmenos
   375 | D        | Reached skill level 5 in Fighting
   377 | D        | Noticed an oklob plant
   387 | D        | Splashed by an oklob plant's acid

Illustrated notes

Levels and vault maps discovered:
D:        dungeon_sprint_fedhas [sprint_temple]

Skill      XL: |  1  2  3  4  5  6  7 |
---------------+----------------------+-----
Short Blades   | 3 4 5 6 |  6.2
Stealth        | 7 9 11 12 13 15 16 | 16.9
Throwing       | 3 4 5 |  5.6
Fighting       | 3 4 5 |  5.0
Dodging        | 2 |  2.9
Evocations     | 2 4 5 |  5.7

Action                   |  1- 3 |  4- 6 |  7- 9 || total
-------------------------+-------+-------+-------++-------
Melee: Dagger            |    10 |     4 |    10 ||    24
Throw: Dart              |     2 |       |       ||     2
 Abil: Evoke Invisibilit |       |     4 |       ||     4
  Use: Potion            |       |       |     1 ||     1
 Stab: Sleeping          |     2 |     3 |     4 ||     9
       Invisible         |       |     1 |     1 ||     2
Armor: Robe              |     1 |       |       ||     1
Dodge: Dodged            |     5 |       |     1 ||     6

Table legend: (Time is in decaauts)
 A = Elapsed time spent in this place.
 B = Non-inter-level travel time spent in this place.
 C = Inter-level travel time spent in this place.
 D = Time resting spent in this place.
 E = Time spent auto-exploring this place.
 F = Levels seen in this place.
 G = Mean time per level.
                   A        B        C        D        E       F      G
               +--------+--------+--------+--------+--------+-----+--------+
         Total |    381 |    381 |      0 |    219 |      0 |   1 |  381.0 |
       Dungeon |    381 |    381 |      0 |    219 |      0 |   1 |  381.0 |
               +--------+--------+--------+--------+--------+-----+--------+

Top non-repeatable levels by time:
       D: 381 daAuts
